 Dungeon Crawl Stone Soup version 0.20-a0-1015-g2ec8a95 (webtiles) character file.

2300 Gorglomux the Covert (level 9, -3/56 (57) HPs)
             Began as a Vampire Enchanter on Apr 15, 2017.
             Was an Initiate of Ashenzari.
             Slain by an orc high priest
             ... wielding a +0 war axe
              (4 damage)
             ... in a bailey.
             The game lasted 00:23:40 (6195 turns).

Gorglomux the Covert (Vampire Enchanter)            Turns: 6195, Time: 00:23:41

HP:   -3/56 (57)    AC:  7    Str:  7    XL:     9   Next: 17%
MP:   7/17          EV: 13    Int: 20    God:    Ashenzari [......]
Gold: 295           SH:  0    Dex: 15    Spells: 13/19 levels left

rFire    . . .     SeeInvis +   a - +1 dagger (curse)
rCold    + . .     Gourm    .   (no shield)
rNeg     + + .     Faith    .   b - +0 robe
rPois    +         Spirit   .   (no helmet)
rElec    .         Reflect  .   (no cloak)
rCorr    .         Harm     .   (no gloves)
MR       .....                  (no boots)
Stlth    ++++++....             (no amulet)
Regen    0.1/turn               H - +5 ring of protection (curse)
MPRegen  0.2/turn               (no ring)

@: regenerating slowly
A: fangs 3, see invisible, unbreathing
a: Bat Form, Curse Item, Renounce Religion


You were in a bailey.
You worshipped Ashenzari.
Ashenzari was noncommittal.
You were thirsty.

You visited 2 branches of the dungeon, and saw 8 of its levels.
You also visited: Bailey.

You collected 295 gold pieces.

Inventory:

Hand Weapons
 a - a cursed +1 dagger (weapon)
Armour
 b - a +0 robe (worn)
 u - a +0 shield
Jewellery
 H - a cursed +5 ring of protection (left hand)
Scrolls
 v - 5 scrolls of remove curse
 y - a scroll of enchant weapon {unknown}
 A - a scroll of blinking {unknown}
 E - a scroll of fog {unknown}
 J - a scroll of enchant armour {unknown}
 L - 2 scrolls of amnesia {unknown}
 T - 4 scrolls of teleportation
 U - a scroll of noise {unknown}
Potions
 q - 12 potions of blood
 s - 2 potions of cancellation
 w - 3 potions of curing
 x - 2 potions of ambrosia
 z - a potion of lignification {unknown}
 B - a potion of haste {unknown}
 C - 3 potions of heal wounds
 D - 3 potions of brilliance
 F - a potion of magic {unknown}
 G - a potion of invisibility {unknown}
 I - a potion of might {unknown}
 M - 2 potions of agility {unknown}
Books
 c - a book of Maledictions

   Spells                             Type                      Level
   a - Corona                         Hexes                        1
   b - Ensorcelled Hibernation        Hexes/Ice                    2
   c - Confuse                        Hexes                        3
   d - Tukima's Dance                 Hexes                        3
   e - Dazzling Spray                 Conjuration/Hexes            3
 K - a book of Flames

   Spells                             Type                      Level
   a - Flame Tongue                   Conjuration/Fire             1
   b - Throw Flame                    Conjuration/Fire             2
   c - Conjure Flame                  Conjuration/Fire             3
   d - Inner Flame                    Hexes/Fire                   3
   e - Sticky Flame                   Conjuration/Fire             4
   f - Fireball                       Conjuration/Fire             5
 N - a book of Minor Magic

   Spells                             Type                      Level
   a - Magic Dart                     Conjuration                  1
   b - Blink                          Translocation                2
   c - Call Imp                       Summoning                    2
   d - Slow                           Hexes                        2
   e - Conjure Flame                  Conjuration/Fire             3
   f - Mephitic Cloud                 Conjuration/Poison/Air       3


   Skills:
 + Level 7.0 Short Blades
 - Level 2.1 Dodging
 + Level 10.4 Stealth
 + Level 5.8 Spellcasting
 + Level 9.5 Hexes


You had 13 spell levels left.
You knew the following spells:

 Your Spells              Type           Power        Failure   Level  Hunger
a - Corona                Hex            #####..      1%          1    None
x - Confuse               Hex            #####...     1%          3    ##.....
z - Ensorcelled Hibernat  Hex/Ice        ###...       2%          2    None


Dungeon Overview and Level Annotations

Branches:
Dungeon (7/15)             Temple (1/1) D:5

Altars:
Ashenzari
Cheibriados
Dithmenos
Elyvilon
Fedhas
Gozag
Hepliaklqana
Nemelex Xobeh
Okawaru
Qazlal
Ru
Sif Muna
Trog
Uskayaw
Vehumet
Wu Jian
Xom
Yredelemnul
The Shining One


Innate Abilities, Weirdness & Mutations

You heal slowly.
You have razor-sharp teeth.
You have supernaturally acute eyesight. (SInv)
You can survive without breathing.


Message History

Casting: Confuse
Confirm with . or Enter, or press ? or * to list all spells.
Aiming: Confuse
Press: ? - help, Shift-Dir - straight line, f/p - orc high priest
Aim: an orc high priest, wielding a war axe and wearing a scale mail (almost dead, chance to defeat MR: 34%)
The orc high priest appears confused.
The orc hits you with a hand axe.
* * * LOW HITPOINT WARNING * * *
The hobgoblin closely misses you. The orange demon stings you from afar!
* * * LOW HITPOINT WARNING * * *
A goblin comes into view. It is wielding a hand axe.
The goblin shouts!
You hit the orc high priest. Your bite misses the orc high priest.
The orc high priest is almost dead.
The orc barely misses you.
You hit the orc high priest.
The orc high priest is almost dead.
The hobgoblin barely misses you.
The orc high priest completely misses the hobgoblin.
The orc high priest hits you with a war axe.
You die...

#####'''#####
#..'..)..+
#..'.....+
####..#..⌠..#
#.....#.....#
#.8...#.....#
#.....#######
#o84######
#@g........
#o8.o......
+........_.
##+#...g...
####### )..+
)..# ###


You could see an orc high priest (confused), an orange demon, an orc warrior, an
orc, a hobgoblin and a goblin.

Vanquished Creatures
  Joseph (D:7)
  The ghost of pedritolo the Sneak, an amateur VSMo (D:4)
  2 black bears (D:6)
  3 phantoms
  An orc warrior (Bailey)
  2 sky beasts
  A necrophage (D:6)
  2 ogres (D:4)
  A big kobold (D:7)
  A bullfrog (D:6)
  A scorpion (D:6)
  4 wights (D:7)
  A howler monkey (D:4)
  2 crimson imps
  A centaur zombie (D:6)
  A centaur skeleton (D:6)
  An orc wizard (D:4)
  2 orc priests (D:4)
  A gnoll shaman (D:4)
  A bullfrog skeleton (D:7)
  An iguana (D:4)
  A worker ant (D:7)
  A hound skeleton (D:4)
  4 gnolls
  8 adders
  An ooze (D:7)
  2 adder zombies
  5 worms
  A dart slug (D:2)
  2 leopard geckos
  9 orcs
  2 giant cockroaches
  6 goblins
  10 hobgoblins
  12 jackals
  A quokka (D:3)
  A ball python (D:2)
  10 bats
  4 frilled lizards
  A jackal skeleton (D:6)
  10 kobolds
  A leopard gecko skeleton (D:4)
  8 rats
131 creatures vanquished.

Notes
Turn   | Place    | Note
-------+----------+-------------------------------------------
     0 | D:1      | Gorglomux the Vampire Enchanter began the quest for the Orb.
     0 | D:1      | Reached XP level 1. HP: 13/13 MP: 3/3
   345 | D:1      | Reached XP level 2. HP: 17/19 MP: 3/5
   396 | D:1      | Learned a level 2 spell: Ensorcelled Hibernation
   915 | D:2      | Reached XP level 3. HP: 11/24 MP: 2/6
  1193 | D:2      | Reached skill level 5 in Stealth
  1513 | D:2      | Found an opulent altar of Gozag.
  1513 | D:2      | Found a white marble altar of Elyvilon.
  1518 | D:2      | Found a stormy altar of Qazlal.
  1595 | D:2      | Found a deep blue altar of Sif Muna.
  1596 | D:2      | Found a shimmering altar of Xom.
  1598 | D:2      | Found a bloodstained altar of Trog.
  1833 | D:3      | Found a white marble altar of Elyvilon.
  1869 | D:3      | Reached XP level 4. HP: 28/30 MP: 8/8
  2379 | D:4      | Noticed a phantom
  2396 | D:3      | Learned a level 3 spell: Confuse
  2454 | D:4      | Killed a phantom
  2454 | D:4      | Reached skill level 3 in Short Blades
  2454 | D:4      | Reached skill level 6 in Stealth
  2454 | D:4      | Reached skill level 3 in Spellcasting
  2454 | D:4      | Reached XP level 5. HP: 18/35 MP: 1/9
  2746 | D:4      | Noticed an ogre
  2755 | D:4      | Reached XP level 6. HP: 38/41 MP: 4/11
  2770 | D:4      | Reached skill level 6 in Hexes
  2820 | D:4      | Noticed pedritolo's ghost (amateur VSMo)
  2917 | D:4      | Reached skill level 7 in Stealth
  3001 | D:4      | Found a shadowy altar of Dithmenos.
  3099 | D:4      | Reached XP level 7. HP: 28/46 MP: 0/13
  3699 | D:4      | Killed pedritolo's ghost
  3786 | D:4      | Reached skill level 8 in Stealth
  3994 | D:5      | Entered Level 5 of the Dungeon
  4228 | D:5      | Found a staircase to the Ecumenical Temple.
  4245 | Temple   | Entered the Ecumenical Temple
  4409 | Temple   | Became a worshipper of Ashenzari the Shackled
  4581 | D:5      | Found a hazy altar of Hepliaklqana.
  4849 | D:5      | Found an iron altar of Okawaru.
  4932 | D:6      | Found a bloodstained altar of Trog.
  4941 | D:6      | Reached XP level 8. HP: 52/52 MP: 9/14
  5155 | D:6      | Reached skill level 9 in Stealth
  5203 | D:6      | Reached skill level 6 in Short Blades
  5710 | D:7      | Noticed Joseph
  5726 | D:7      | Reached skill level 9 in Hexes
  5819 | D:7      | Found an ornate altar of the Wu Jian Council.
  5822 | D:7      | Killed Joseph
  5822 | D:7      | Reached skill level 10 in Stealth
  5822 | D:7      | Reached XP level 9. HP: 56/56 MP: 17/17
  5896 | D:7      | Found a flagged portal.
  5915 | Bailey   | Entered a bailey
  6139 | Bailey   | Found an iron altar of Okawaru.
  6139 | Bailey   | Noticed an orc high priest
  6141 | Bailey   | Noticed a kobold demonologist
  6179 | Bailey   | Identified the +4 scythe of Inference {protect, Dex+2 SInv}
  6192 | Bailey   | Noticed an orange demon
  6193 | Bailey   | HP: 1/56 [orange demon[an orc high priest] (14)]
  6195 | Bailey   | Slain by an orc high priest

Vault maps used:
D:1:      lemuel_arrival_cross
D:2:      minitemple, first_bread
D:3:      moated_statue, elyvilon_altar_4
D:4:      kb_forest_paths, lemuel_crystal_altar
D:5:      kennysheep_mini, temple_statues, basic_altar
D:6:      trog_ov_bears_minmay
D:7:      nicolae_overflow_crystal_walls, enter_bailey_2, serial_shops, shop,
          uniq_joseph
Temple:   nicolae_temple_figure_eight
Bailey:   bailey_axe_of_yendor_kennysheep, bailey

Skill      XL: |  1  2  3  4  5  6  7  8  9 |
---------------+----------------------------+-----
Short Blades   | 2 3 4 5 6 7 |  7.0
Stealth        | 5 6 7 8 10 | 10.4
Hexes          | 5 6 7 9 |  9.5
Spellcasting   | 3 4 5 |  5.8
Dodging        | |  2.1

Action                   |  1- 3 |  4- 6 |  7- 9 || total
-------------------------+-------+-------+-------++-------
Melee: Dagger            |   172 |   153 |   190 ||   515
       Bite              |     9 |    11 |    21 ||    41
 Cast: Corona            |    12 |       |       ||    12
       Ensorcelled Hiber |    14 |    15 |    47 ||    76
       Confuse           |       |    12 |    36 ||    48
Invok: Curse Item        |       |       |     2 ||     2
 Abil: End Transformatio |       |       |     1 ||     1
       Bat Form          |       |       |     1 ||     1
  Use: Potion            |     7 |     9 |    10 ||    26
       Scroll            |       |       |     6 ||     6
 Stab: Sleeping          |    21 |    22 |    26 ||    69
       Confused          |       |     5 |    14 ||    19
       Distracted        |       |       |     1 ||     1
Armor: Robe              |    61 |    16 |    36 ||   113
Dodge: Dodged            |   117 |    62 |   141 ||   320
